Map: Vaani Research Station (Void)

Players

CryCooper

  • Race: Terran Terran
  • League: Diamond
  • Spawn Location: 6:00

PandaStick - Winner!

  • Race: Zerg Zerg
  • Spawn Location: 12:00

VOD

Have the link to the VOD?

Description

Time

  • Played on: Jan. 21, 2017, 10:52 p.m.
  • Length: 17:01
Show
View Real Time Build Order
Export as new Build Order

CryCooper Terran 

Build Orders: MMM Bio 

Get SALT Encoding   

  12  0:01  SCV  
  13  0:13  SCV  
  14  0:19  Supply Depot  
  14  0:25  SCV  
  15  0:41  SCV, Refinery  
  16  0:52  Engineering Bay  
  16  0:53  SCV  
  17  1:03  Barracks  
  17  1:06  SCV  
  18  1:18  SCV  
  19  1:30  SCV  
  20  1:42  SCV  
  21  1:50  Command Center  
  21  2:01  SCV, Supply Depot  
  22  2:04  Marine  
  23  2:15  Engineering Bay  
  23  2:24  Orbital Command  
  23  2:40  Factory  
  23  2:41  Marine  
  24  2:49  Refinery  
  24  2:54  SCV  
  25  3:18  SCV  
  26  3:23  Barracks Reactor  
  26  3:30  Barracks  
  26  3:31  Factory Tech Lab  
  26  3:34  Factory  
  26  3:36  SCV  
  26  3:37  Planetary Fortress  
  27  3:48  SCV  
  28  3:57  Widow Mine  
  28  4:00  SCV  
  28  4:01  Marine, Reaper  
  33  4:12  SCV  
  33  4:14  SCV  
  35  4:18  Refinery  
  35  4:20  Barracks Reactor, Command Center  
  35  4:26  SCV  
  35  4:27  SCV  
  35  4:29  Supply Depot  
  37  4:39  SCV  
  37  4:42  Widow Mine  
  37  4:43  Siege Tank  
  37  4:45  SCV  
  44  4:47  Barracks Tech Lab  
  44  4:49  Supply Depot  
  44  4:52  SCV  
  45  4:55  Missile Turret  
  45  4:57  SCV  
  46  5:02  Starport  
  46  5:04  SCV  
  47  5:08  Missile Turret  
  47  5:16  SCV  
  47  5:17  SCV, Missile Turret  
  49  5:25  Barracks  
  49  5:29  SCV x2  
  51  5:35  SCV  
  51  5:36  Marine x2, Marauder  
  51  5:41  SCV  
  57  5:44  SCV  
  57  5:48  Supply Depot  
  57  5:49  Refinery  
  57  5:50  Supply Depot  
  57  5:53  SCV, Missile Turret  
  58  5:58  Missile Turret  
  58  6:01  Orbital Command  
  58  6:03  Starport Reactor  
  58  6:07  Stimpack, Widow Mine  
  60  6:14  Widow Mine x2  
  60  6:16  SCV x2  
  66  6:19  Marine x2  
  68  6:26  Missile Turret  
  68  6:27  Barracks Reactor  
  68  6:30  Barracks  
  68  6:35  Marine  
  68  6:36  SCV  
  68  6:37  SCV  
  68  6:38  Widow Mine  
  73  6:43  Widow Mine  
  73  6:44  Armory  
  73  6:45  SCV  
  76  6:49  Refinery  
  76  6:50  SCV x2  
  76  6:51  Refinery  
  78  6:55  Missile Turret  
  78  6:57  SCV  
  78  6:59  Missile Turret  
  79  7:02  SCV, Widow Mine  
  79  7:04  Medivac  
  79  7:07  Widow Mine  
  86  7:11  Marine x4  
  86  7:12  Marine  
  86  7:13  Liberator  
  91  7:18  SCV x2  
  91  7:22  Supply Depot  
  93  7:26  Supply Depot  
  93  7:29  Terran Infantry Weapons Level 1  
  93  7:30  Marine, SCV  
  93  7:34  Missile Turret  
  93  7:36  SCV x2  
  100  7:39  Missile Turret  
  100  7:44  SCV  
  100  7:48  SCV, Barracks Tech Lab  
  102  7:51  SCV  
  102  7:53  Missile Turret  
  102  7:54  Marine x2  
  102  7:55  Marine x3  
  102  7:58  Hellion, Siege Tank  
  113  7:59  Hellion  
  113  8:01  Liberator  
  115  8:08  Starport  
  115  8:11  Starport  
  115  8:12  Marine, SCV  
  117  8:17  Supply Depot  
  117  8:19  SCV x2, Medivac  
  124  8:21  Engineering Bay  
  124  8:24  Marine  
  125  8:38  Marine, Marauder x2  
  122  8:42  Marine x2  
  122  8:50  Starport Tech Lab, Starport Reactor  
  122  8:51  Combat Shields  
  122  8:54  Marine  
  123  8:56  Marine, Medivac  
  123  9:00  Marine, Marauder x2  
  123  9:01  Hellion  
  133  9:18  Command Center  
  133  9:33  Liberator  
  133  9:35  Supply Depot  
  133  9:37  Supply Depot  
  133  9:38  Concussive Shells  
  133  9:39  Liberator  
  133  9:40  Supply Depot  
  133  9:41  Liberator  
  133  9:48  Terran Infantry Weapons Level 2  
  133  9:49  Terran Infantry Armor Level 1  
  133  9:50  Marine x2  
  133  9:51  SCV x3  
  141  9:56  Marine, Viking x2  
  141  9:58  Marine, Hellion x2  
  157  10:11  Marine x3  
  160  10:16  Liberator  
  160  10:26  Viking x2  
  157  10:39  Medivac  
  157  10:41  Medivac  
  129  10:43  Marine x4, Marauder x2  
  118  10:55  Siege Tank, Widow Mine x2  
  118  10:56  Viking x2  
  129  11:00  Terran Vehicle And Ship Armor Level 1  
  129  11:01  Marine x2  
  131  11:05  Marauder  
  131  11:07  Planetary Fortress  
  131  11:09  SCV, Viking  
  131  11:10  Refinery  
  136  11:12  Barracks  
  136  11:13  SCV x2, Barracks  
  136  11:14  Barracks  
  136  11:16  Raven  
  136  11:17  Liberator  
  136  11:18  Liberator x2  
  140  11:21  SCV  
  138  11:33  Widow Mine  
  138  11:34  Siege Tank  
  138  11:37  Liberator  
  152  11:42  Liberator  
  152  11:56  Marine x3, Marauder x2  
  152  11:59  Marine  
  152  12:01  Barracks Tech Lab  
  166  12:02  Barracks Reactor x2  
  165  12:21  Command Center  
  165  12:31  Refinery  
  165  12:32  Refinery  
  165  12:34  Missile Turret  
  165  13:14  Liberator  
  165  13:15  Liberator x3  
  165  13:16  Liberator  
  165  13:24  Supply Depot  
  165  13:31  Marine x5, Marauder x2  
  165  13:32  Marine x3  
  165  13:33  Siege Tank, Marauder  
  144  13:47  Supply Depot  
  140  13:49  Marine x6  
  140  13:53  Marauder x2  
  140  13:54  Marauder  
  146  13:57  Liberator  
  146  13:58  Liberator x2  
  146  14:01  Marine  
  128  14:09  Marine  
  104  14:14  Marauder x2  
  104  14:15  Marauder, Medivac  
  106  14:28  Planetary Fortress  
  106  14:37  SCV x2  
  108  14:58  Marine x2  
  108  14:59  Marine x2  
  98  15:00  Medivac x2  
  99  15:09  SCV x2  
  99  15:10  SCV  
  102  15:17  Refinery  
  102  15:18  Refinery  
  102  15:21  SCV  
  102  15:22  SCV x2  
  102  15:24  Marine x4, Marauder x2  
  88  15:52  Marine  
  88  15:53  Marine x6, Marauder x2  
  88  15:54  Marine  
  89  16:02  Medivac x2  
  92  16:10  Marine x2  
  92  16:11  Marine x4  
  81  16:16  Marine x2, Command Center  
  81  16:19  Medivac  
  81  16:20  Marine, Medivac  
  82  16:27  Marine  
  82  16:30  Viking  
  89  16:33  Marine x2  
Show
View Real Time Build Order
Export as new Build Order

PandaStick Zerg - Winner!

Build Orders: Hatch First 

Get SALT Encoding   

  12  0:02  Drone  
  13  0:13  Overlord  
  13  0:18  Drone  
  14  0:23  Extractor  
  14  0:24  Drone  
  15  0:31  Drone  
  15  0:35  Drone  
  17  0:58  Drone  
  17  1:00  Hatchery  
  17  1:02  Drone  
  18  1:11  Drone  
  19  1:25  Drone, Spawning Pool  
  18  1:29  Extractor  
  18  1:33  Drone  
  18  1:39  Overlord  
  19  1:52  Drone  
  21  2:01  Drone  
  21  2:11  Queen  
  21  2:14  Queen  
  25  2:18  Zergling x4  
  25  2:22  Drone  
  28  2:27  Zergling x2  
  29  2:32  Metabolic Boost  
  29  2:34  Drone x2  
  31  2:46  Overlord x2  
  31  2:52  Queen  
  33  3:00  Queen  
  33  3:02  Drone  
  36  3:08  Drone x2  
  36  3:11  Drone  
  39  3:21  Baneling Nest  
  38  3:33  Hatchery  
  37  3:46  Drone x2  
  37  3:47  Drone x2, Zergling x2  
  37  3:48  Zergling x4  
  44  3:55  Extractor  
  43  3:59  Drone  
  43  4:00  Overlord x2  
  44  4:03  Extractor x2  
  44  4:05  Baneling x2  
  44  4:06  Zergling x2  
  44  4:07  Drone  
  44  4:17  Overlord  
  44  4:19  Drone  
  44  4:20  Drone x3  
  48  4:26  Drone x2  
  50  4:33  Lair  
  50  4:36  Drone  
  50  4:37  Drone  
  52  4:44  Queen  
  54  4:46  Drone  
  54  4:50  Drone x2  
  54  4:51  Drone  
  58  4:58  Evolution Chamber  
  57  5:00  Evolution Chamber  
  57  5:03  Baneling x4  
  57  5:04  Baneling  
  56  5:16  Drone x2  
  56  5:17  Drone x3, Overlord  
  56  5:18  Overlord  
  56  5:19  Drone  
  56  5:21  Baneling x3  
  62  5:34  Spore Crawler  
  61  5:36  Zerg Melee Weapons Level 1  
  61  5:37  Zergling x4  
  61  5:38  Zergling x8  
  61  5:42  Zerg Ground Armor Level 1  
  67  5:45  Zergling x2  
  68  5:50  Drone x3  
  68  5:52  Extractor  
  68  5:55  Extractor  
  68  5:56  Centrifical Hooks  
  69  6:11  Infestation Pit  
  69  6:18  Drone x5  
  72  6:19  Drone x2, Overlord x2  
  72  6:21  Drone  
  72  6:24  Baneling x3  
  72  6:25  Baneling  
  75  6:43  Drone x5  
  75  6:44  Overlord  
  80  6:49  Hive, Spire  
  80  6:52  Overseer  
  79  7:02  Drone x2  
  79  7:06  Drone  
  79  7:07  Drone x3  
  85  7:11  Drone x3  
  88  7:15  Pneumatized Carapace  
  88  7:17  Drone  
  88  7:20  Drone  
  88  7:21  Drone x3  
  88  7:22  Spore Crawler x3  
  90  7:25  Baneling x6  
  90  7:26  Zergling x2  
  91  7:36  Zerg Melee Weapons Level 2  
  91  7:42  Zergling x4  
  91  7:43  Zergling x8  
  91  7:44  Overlord  
  97  7:59  Hatchery  
  96  8:06  Corruptor x5  
  96  8:08  Corruptor  
  108  8:15  Zergling x2  
  108  8:16  Zergling x10  
  114  8:26  Adrenal Glands, Ultralisk Cavern  
  96  8:47  Zergling x12  
  96  8:48  Zergling x6  
  105  8:49  Baneling x6  
  105  8:50  Baneling x7  
  105  9:01  Drone x2  
  105  9:02  Drone x2, Overlord x2  
  109  9:05  Zerg Flyer Armor Level 1  
  109  9:08  Drone  
  110  9:15  Zerg Ground Armor Level 2  
  110  9:16  Zergling x6  
  113  9:30  Ultralisk Cavern  
  112  9:34  Chitinous Plating  
  113  9:41  Zergling x2  
  113  9:42  Overlord, Zergling x8  
  113  9:43  Overlord x2  
  118  9:47  Extractor  
  118  9:49  Extractor  
  118  9:52  Ultralisk x2  
  128  9:58  Drone x2  
  128  9:59  Drone  
  131  10:07  Corruptor x2  
  131  10:12  Baneling x2  
  131  10:13  Baneling x2  
  135  10:26  Corruptor x2  
  135  10:27  Corruptor  
  135  10:28  Zergling x10  
  125  10:29  Zergling x8  
  126  10:42  Zergling x4  
  119  10:43  Zergling x6  
  119  10:44  Zergling x4  
  119  10:45  Zergling x4  
  123  10:50  Overseer x2  
  123  10:51  Drone x2  
  123  10:52  Drone  
  123  10:56  Spore Crawler  
  125  10:57  Drone, Spine Crawler  
  125  11:01  Zerg Melee Weapons Level 3  
  125  11:05  Ultralisk  
  131  11:13  Baneling x2  
  131  11:14  Baneling x2  
  131  11:22  Queen  
  131  11:24  Ultralisk  
  139  11:27  Overlord x3  
  139  11:30  Zerg Flyer Armor Level 2  
  138  11:38  Zerg Ground Armor Level 3  
  138  11:41  Drone  
  132  11:53  Ultralisk x2  
  133  12:13  Corruptor, Ultralisk x2  
  133  12:15  Zergling x6  
  148  12:16  Zergling x4  
  151  12:25  Drone  
  151  12:26  Drone  
  151  12:28  Overlord, Ultralisk  
  159  12:31  Drone  
  159  12:32  Drone x3  
  163  12:38  Drone x2  
  163  12:41  Baneling x5  
  163  12:42  Baneling x2  
  165  12:48  Corruptor  
  167  12:51  Overlord  
  167  12:52  Overlord x2  
  167  13:00  Overlord x2  
  167  13:09  Corruptor x4  
  167  13:11  Corruptor  
  173  13:36  Zergling x10  
  173  13:37  Zergling x8  
  179  13:49  Zergling x2  
  179  13:50  Zergling x6  
  179  13:51  Zergling x8  
  179  13:52  Zergling x4  
  179  13:55  Zergling x2  
  184  13:57  Corruptor  
  184  14:02  Zergling x4  
  180  14:05  Corruptor  
  180  14:09  Corruptor  
  164  14:27  Corruptor  
  164  14:28  Corruptor x6  
  178  14:39  Hatchery  
  177  14:50  Corruptor x3  
  177  14:51  Corruptor x4  
  175  15:00  Extractor  
  175  15:02  Hatchery  
  175  15:03  Extractor  
  175  15:04  Extractor  
  175  15:05  Extractor, Ultralisk x2  
  176  15:09  Corruptor x2  
  180  15:26  Ultralisk x2  
  190  15:46  Ultralisk  
  190  15:50  Zergling x6  
  190  15:51  Overlord x4, Zergling x4  
  190  15:56  Corruptor  
  197  16:00  Zergling x2  
  197  16:01  Overlord x3  
  197  16:12  Ultralisk Cavern  
  196  16:40  Zergling x4  
Tags
 
Add a new tag
Caveats
  • Supply blocks, unpowered buildings, or Contaminate may cause inaccurate times.
  • Supply counts are checked every 10 seconds.